Map: Ephemeron LE

Players

Future - Winner!

  • Race: Terran Terran
  • Spawn Location: 11:00

Epic

  • Race: Terran Terran
  • League: Master
  • Spawn Location: 5:00

Event: Cheeseadelphia XI, Cheeseadelphia XI

VOD

Have the link to the VOD?

Description

Time

  • Played on: Dec. 15, 2019, 10:35 a.m.
  • Length: 4:28

All games in this series

Show
View Real Time Build Order
Export as new Build Order

Future Terran - Winner!

Build Orders: 1/1/1 

Get SALT Encoding   

  12  0:00  SCV  
  13  0:12  SCV  
  14  0:17  Supply Depot  
  14  0:24  SCV  
  15  0:28  Refinery  
  15  0:38  SCV  
  16  0:44  Barracks  
  16  0:50  SCV  
  16  0:55  Refinery  
  17  1:02  SCV  
  18  1:14  SCV  
  19  1:31  Factory  
  19  1:32  Orbital Command  
  19  1:36  Reaper  
  20  1:46  Supply Depot  
  20  1:58  SCV  
  21  2:08  Reaper  
  22  2:10  SCV  
  23  2:16  Hellion  
  23  2:22  SCV  
  26  2:28  Starport  
  25  2:37  SCV  
  25  2:40  Reaper  
  25  2:41  Hellion  
  27  2:49  SCV  
  28  2:52  Supply Depot  
  27  3:01  SCV  
  27  3:02  Hellion  
  30  3:13  SCV, Medivac, Reaper  
  34  3:21  Supply Depot  
  34  3:24  Factory Tech Lab  
  34  3:33  Command Center  
  34  3:42  SCV  
  34  3:47  Starport Tech Lab  
  34  3:48  Barracks Reactor, Cyclone  
  38  3:55  SCV  
  39  4:09  SCV  
  40  4:16  Supply Depot  
Show
View Real Time Build Order
Export as new Build Order

Epic Terran 

Build Orders:  

Get SALT Encoding   

  12  0:00  SCV  
  13  0:12  SCV  
  14  0:17  Supply Depot  
  14  0:24  SCV  
  15  0:44  Barracks  
  15  0:45  Refinery  
  15  1:00  Barracks  
  15  1:01  SCV  
  16  1:13  SCV  
  17  1:30  Orbital Command  
  17  1:31  Reaper  
  18  1:34  Refinery  
  18  1:45  Supply Depot  
  18  1:47  Reaper  
  19  1:56  SCV  
  20  2:03  Reaper  
  20  2:08  SCV  
  22  2:19  Reaper  
  22  2:20  SCV  
  24  2:32  SCV  
  25  2:38  Reaper  
  24  2:44  SCV  
  24  2:46  Factory  
  25  2:56  SCV  
  25  3:03  Command Center  
  24  3:08  SCV  
  24  3:20  SCV  
  24  3:21  Supply Depot  
  25  3:31  Starport  
  25  3:33  Factory Tech Lab, SCV  
  25  3:44  Supply Depot  
  25  3:47  SCV  
  25  3:52  Cyclone  
  27  3:59  SCV  
  24  4:15  SCV  
Tags
 
Add a new tag
Caveats
  • Supply blocks, unpowered buildings, or Contaminate may cause inaccurate times.
  • Supply counts are checked every 10 seconds.